 Dungeon Crawl Stone Soup version 0.25-a0-110-ge29c8f2358 (webtiles) character file.

Game seed: 7183687115081500782, levelgen mode: deterministic

77 MisterFreud the Slasher (level 4, -1/29 HPs)
             Began as an Octopode Gladiator on Nov 19, 2019.
             Slain by a worm (5 damage)
             ... on level 2 of the Dungeon.
             The game lasted 00:01:33 (1153 turns).

MisterFreud the Slasher (Octopode Gladiator)        Turns: 1153, Time: 00:01:33

Health: -1/29      AC:  1    Str: 13    XL:     4   Next: 34%
Magic:  4/4        EV: 16    Int: 11    God:
Gold:   52         SH:  0    Dex: 13    Spells: 3/3 levels left

rFire    . . .     SeeInvis +   a - +0 long sword
rCold    . . .     Gourm    .   (no shield)
rNeg     . . .     Faith    .   b - +0 hat
rPois    .         Spirit   .   (no amulet)
rElec    .         Reflect  .   q - +2 ring of evasion
rCorr    .         Harm     .   k - ring of see invisible
MR       .....                  (no ring)
Stlth    ++........             (no ring)
HPRegen  0.09/turn              (no ring)
MPRegen  0.09/turn              (no ring)
                                (no ring)
                                (no ring)

@: no status effects
A: almost no armour, stealthy swim, amphibious, 8 rings, constrict 8, camouflage
1, gelatinous body 1
a: no special abilities


You were on level 2 of the Dungeon.
You were not hungry.

You visited 1 branch of the dungeon, and saw 2 of its levels.

You collected 52 gold pieces.

Inventory:

Hand Weapons
 a - a +0 long sword (weapon)
Missiles
 c - 3 throwing nets (quivered)
 f - 27 sling bullets
 i - 74 stones
 o - 18 arrows
Armour
 b - a +0 hat (worn)
Jewellery
 k - a ring of see invisible (right tentacle)
 q - a +2 ring of evasion (left tentacle)
Scrolls
 e - 2 scrolls of magic mapping {unknown}
 g - 2 scrolls of identify {unknown}
 j - 2 scrolls of remove curse {unknown}
 l - a scroll of amnesia {unknown}
 t - a scroll of random uselessness {unknown}
 u - a scroll of enchant armour {unknown}
 v - a scroll of immolation {unknown}
Potions
 m - 3 potions of curing {unknown}
 n - 2 potions of haste {unknown}
 p - a potion of agility {unknown}
 r - 2 potions of cancellation {unknown}
 s - a potion of resistance {unknown}
Comestibles
 d - 2 rations
 h - 7 chunks of flesh


   Skills:
 - Level 2.0 Fighting
 + Level 5.0 Long Blades
 - Level 2.0 Throwing
 - Level 3.0 Dodging


You had 3 spell levels left.
You didn't know any spells.
Your spell library was empty.

Dungeon Overview and Level Annotations

Branches:
Dungeon (2/15)

Altars:
Dithmenos


Innate Abilities, Weirdness & Mutations

You cannot wear most types of armour.
You are very stealthy in the water. (Stealth+)
You are amphibious.
You can wear up to eight rings at the same time.
You can use your tentacles to constrict eight enemies at once.
Your skin changes colour to match your surroundings (Stealth+).
Your rubbery body absorbs attacks. (AC +1, EV +1)


Message History

You feel sick. x3
A goblin comes into view. It is wielding a -1 club.
You are too injured to fight recklessly!
You are too injured to fight recklessly!
Unknown command.
You are too injured to fight recklessly!
A worm comes into view.
You feel sick.
A worm is nearby!
You feel sick.
You are no longer poisoned.
Found a shadowy altar of Dithmenos.
Found 20 bolts.
The worm barely misses you.
You hit the worm but do no damage. You grab the worm. You constrict the worm.
The worm bites you!
* * * LOW HITPOINT WARNING * * *
You hit the worm but do no damage. Your squeeze misses the worm.
You constrict the worm. The worm bites you.
You die...

#..## #...#
#...## ##...#
#.#.# #รท..#
######..#
#.......#
#@#.##...#
#.....w.......#
#.####.####...#
.... #...#
..... #...#
#...... #..>#
...._.( ..##
.......


You could see a worm.

Vanquished Creatures
  2 adders (D:2)
  A worm (D:2)
  3 dart slugs
  3 leopard geckos
  8 bats
  6 giant cockroaches
  6 goblins
  2 hobgoblins
  7 kobolds
  9 rats
47 creatures vanquished.

Notes
Turn   | Place    | Note
-------+----------+-------------------------------------------
     0 | D:1      | MisterFreud the Octopode Gladiator began the quest for the
                  | Orb.
     0 | D:1      | Reached XP level 1. HP: 14/14 MP: 1/1
    89 | D:1      | Reached XP level 2. HP: 14/19 MP: 2/2
   439 | D:1      | Reached skill level 4 in Long Blades
   506 | D:1      | Reached XP level 3. HP: 23/24 MP: 3/3
  1038 | D:2      | Reached XP level 4. HP: 18/29 MP: 4/4
  1127 | D:2      | Reached skill level 5 in Long Blades
  1148 | D:2      | Found a shadowy altar of Dithmenos.
  1153 | D:2      | Slain by a worm

Levels and vault maps discovered:
D:1:      minmay_arrival_four_circles, layout_basic, hangedman_feature_mirror
D:2:      layout_basic, old_standard_altar

Skill      XL: |  1  2  3  4 |
---------------+-------------+-----
Long Blades    | 4 5 |  5.0
Fighting       | |  2.0
Throwing       | |  2.0
Dodging        | |  3.0

Action                   |  1- 3 |  4- 6 || total
-------------------------+-------+-------++-------
Melee: Long sword        |    69 |    10 ||    79
       Constrict         |    20 |     3 ||    23
       Tentacles         |    12 |     2 ||    14
 Stab: Sleeping          |    10 |     3 ||    13
  Eat: Chunk             |       |     1 ||     1
Armor: Skin              |     9 |       ||     9
Dodge: Dodged            |    43 |     7 ||    50
       Rpst.: Long sword |    10 |     3 ||    13

Table legend:
 A = Non-vault XP
 B = Vault XP
 C = Vault XP percentage of total XP
 D = Non-vault monster count
 E = Vault monster count
 F = Vault count percentage of total count
                 A         B        C        D         E       F
            +---------+---------+-------+---------+---------+-------
      Total |     109 |       2 |   1.8 |      45 |       2 |   4.3
            +---------+---------+-------+---------+---------+-------
        D:1 |      42 |       2 |   4.5 |      23 |       2 |   8.0
        D:2 |      67 |       0 |   0.0 |      22 |       0 |   0.0
            +---------+---------+-------+---------+---------+-------
